 Dungeon Crawl Stone Soup version 0.27.0-1-g7a089689b8 (webtiles) character file.

Game seed: 572158360780871411

4 Spectrina the Ducker (level 1, 13/13 HPs)
             Began as a Deep Elf Monk on Aug 2, 2021.
             Was a Believer of Wu Jian.
             Quit the game on level 2 of the Dungeon.
             The game lasted 00:00:53 (113 turns).

Spectrina the Ducker (Deep Elf Monk)                 Turns: 113, Time: 00:00:53

Health: 13/13      AC:  2    Str:  8    XL:     1   Next: 50%
Magic:  3/3        EV: 13    Int: 14    God:    Wu Jian [**....]
Gold:   7          SH:  0    Dex: 17    Spells: 0/0 levels left

rFire    . . .     SeeInvis .   a - +0 short sword
rCold    . . .     Faith    .   (no shield)
rNeg     . . .     Spirit   .   b - +0 robe
rPois    .         Reflect  .   (no helmet)
rElec    .         Harm     .   (no cloak)
rCorr    .         Rampage  .   (no gloves)
Will     .....                  (no boots)
Stlth    ++........             (no amulet)
HPRegen  0.04/turn              (no ring)
MPRegen  0.08/turn              (no ring)

@: no status effects
A: no striking features
a: Renounce Religion, Wall Jump


You were on level 2 of the Dungeon.
You worshipped Wu Jian.
Wu Jian was pleased with you.
You visited 1 branch of the dungeon, and saw 3 of its levels.

You collected 7 gold pieces.

Inventory:

Hand Weapons
 a - a +0 short sword (weapon)
Armour
 b - a +0 robe (worn)
Potions
 c - a potion of curing {unknown}
 d - 3 potions of mutation {unknown}


   Skills:
 - Level 2.4 Fighting
 - Level 3.0 Short Blades
 - Level 3.6 Dodging
 + Level 2.6 Stealth
 * Level 0.9 Invocations


You couldn't memorise any spells.
You didn't know any spells.
Your spell library was empty.

Dungeon Overview and Level Annotations

Branches:
Dungeon (3/15)

Altars:
Wu Jian


Message History

There is a stone staircase leading up here.
A rat and a worm come into view.
The ball python misses you. The ball python grabs you.
The ball python constricts you.
You hit the ball python.
You kill the ball python!
You see here a ball python corpse.
d - 3 brown potions (gained 2)
There is a stone staircase leading down here.
There is a stone staircase leading down here.
You climb downwards. 2 kobolds come into view.
A kobold is wielding a +0 short sword and quivering poisoned darts.
A kobold is wielding a +0 dagger and quivering poisoned darts.
The kobold shouts! x2
Found a brown potion and 15 gold pieces.
Found an escape hatch in the floor.
There is a stone staircase leading up here.
You climb upwards.
There is a stone staircase leading down here.
Unknown command.
Found 7 gold pieces.
Found a faded altar of an unknown god.
You now have 7 gold pieces.
A kobold comes into view. It is wielding a +0 whip.
Found a robe.
There is a fountain of sparkling water here.
The helpless kobold fails to defend itself.
You puncture the kobold!
You kill the kobold!
Things that are here:
a +0 whip; a kobold corpse
There is a fountain of sparkling water here.
There is a faded altar of an unknown god here.
You cannot tell which god this altar belongs to.
Convert to them anyway?
Wu Jian accepts your prayer! The Council welcomes you!
You can now lightly attack monsters by moving around them.
You can now perform airborne attacks.
You can now perform damaging attacks by moving towards foes.
Are you sure you want to abandon this character and quit the game? (Confirm with "yes".)

♣. .♣ ...##.. ♣.♣
♣.♣###......#
♣..♣♣..♣.......# .
♣.♣.♣♣♣.......# ..
♣.).♣.........### ♣.♣
♣.⌠[♣♣♣♣.........
♣...♣...♣♣..♣......##
♣........♣♣♣.###...#
♣♣..8@8.♣♣...## #.#
♣♣♣♣♣♣♣♣.....# .
#.#...#### .
#..........[
##...###...#.# #...#
#..##.#
...####..##......w
#................
#######..........


There were no monsters in sight!

Vanquished Creatures
  2 ball pythons
  A kobold (D:2)
  A rat (D:1)
4 creatures vanquished.

Notes
Turn   | Place    | Note
-------+----------+-------------------------------------------
     0 | D:1      | Spectrina the Deep Elf Monk began the quest for the Orb.
     0 | D:1      | Reached XP level 1. HP: 13/13 MP: 3/3
    94 | D:2      | Found a faded altar of an unknown god.
   112 | D:2      | Became a worshipper of the Wu Jian Council
   112 | D:2      | Reached * piety under Wu Jian
   112 | D:2      | Reached ** piety under Wu Jian
   113 | D:2      | Quit the game

Illustrated notes

Levels and vault maps discovered:
D:1:      lemuel_arrival_funnel, layout_basic, kennysheep_nondescript
D:2:      layout_rooms, shapermc_ecumenical_altar_totnotflames,
          chequers_serial_rivers_micro_b
D:3:      layout_rooms, lemuel_tele_altar, lemuel_crystal_altar

Action                   || total
-------------------------++-------
Melee: Short sword       ||     9
 Stab: Sleeping          ||     1
Armor: Robe              ||     1
Dodge: Dodged            ||     7
